 Dungeon Crawl Stone Soup version 0.28.0-49-g6dfe1f597d (webtiles) character file.

Game seed: 7928328794991826219

133 Zeld the Caller (level 5, -13/29 HPs)
             Began as a Tengu Summoner on May 14, 2022.
             Killed by an exploding themself (42 damage)
             ... ignited by their inner flame
             ... on level 3 of the Dungeon.
             The game lasted 00:04:15 (3661 turns).

Zeld the Caller (Tengu Summoner)                    Turns: 3661, Time: 00:04:16

Health: -13/29     AC:  2    Str: 10    XL:     5   Next: 16%
Magic:  7/10       EV: 15    Int: 16    God:
Gold:   94         SH:  0    Dex: 14    Spells: 1/10 levels left

rFire   . . .      SeeInvis +   (no weapon)
rCold   . . .      Faith    .   (no shield)
rNeg    . . .      Spirit   .   a - +0 robe
rPois   .          Reflect  .   (helmet restricted)
rElec   .          Harm     .   (no cloak)
rCorr   .          Rampage  .   (no gloves)
Will    .....                   (boots unavailable)
Stlth   ++........              (no amulet)
HPRegen 0.09/turn               e - ring of see invisible
MPRegen 0.12/turn               (no ring)

@: flying quickly and evasively, quick
A: beak, talons 3, nimble flight
a: no special abilities


You were on level 3 of the Dungeon.
You visited 1 branch of the dungeon, and saw 3 of its levels.

You collected 94 gold pieces.

Inventory:

Armour
 a - a +0 robe (worn)
Jewellery
 e - a ring of see invisible (left hand)
Wands
 l - a wand of polymorph (6)
Scrolls
 b - 2 scrolls of magic mapping {unknown}
 h - a scroll of silence {unknown}
 i - 3 scrolls of identify {unknown}
 k - a scroll of teleportation {unknown}
Potions
 c - 2 potions of lignification {unknown}
 d - 2 potions of heal wounds {unknown}
 f - a potion of degeneration {unknown}
 g - a potion of mutation {unknown}
 j - 2 potions of flight {unknown}
 m - a potion of cancellation {unknown}
 n - 2 potions of curing {unknown}
 o - a potion of brilliance {unknown}


   Skills:
 + Level 1.3 Fighting
 + Level 2.9 Dodging
 + Level 2.7 Stealth
 * Level 3.1 Spellcasting
 * Level 5.6 Summonings


You had one spell level left.
You knew the following spells:

 Your Spells              Type           Power      Damage    Failure   Level
a - Summon Small Mammal   Summ           80%        N/A       1%          1
b - Call Imp              Summ           20%        N/A       2%          2
c - Call Canine Familiar  Summ           20%        N/A       5%          3
d - Summon Guardian Gole  Hex/Summ       11%        N/A       17%         3

Your spell library contained the following spells:

 Spells                   Type           Power      Damage    Failure   Level
 Blink                    Tloc           4%         N/A       28%         2
 Lesser Beckoning         Tloc           2%         N/A       50%         3
 Summon Lightning Spire   Summ/Air       11%        N/A       50%         4
 Manifold Assault         Tloc           2%         N/A       99%         5


Dungeon Overview and Level Annotations

Branches:
Dungeon (3/15)

Altars:

Shops:
D:2 [


Innate Abilities, Weirdness & Mutations

You have a beak for a mouth.
You have claws for feet.
Your magical nature lets you fly swiftly and evasively.


Message History

The dart slug is moderately wounded.
The dart slug bites you.
You hit the dart slug. You claw the dart slug.
You kill the dart slug!
You see here a dart slug corpse.
No target in view!
No target in view!
Your guardian golem disappears in a puff of smoke!
Found a hunting sling.
You reach down and open the door.
There is an open door here.
There is a stone staircase leading down here.
You reach down and open the door.
As you open the door, it creaks loudly!
There is a stone staircase leading down here.
There is an open door here.
You reach down and open the door.
There is an open door here.
o - a smoky puce potion You now have 94 gold pieces (gained 10).
An ogre comes into view. It is wielding a +0 giant spiked club.
An ogre is nearby!
An ogre is nearby!
Casting: Summon Guardian Golem (quite dangerous; 17% risk of failure)
Confirm with . or Enter, or press ? or * to list all spells.
The spell is quite dangerous to miscast (17% risk of failure)!
Continue anyway?
A guardian golem appears, shielding your allies.
You swap places.
The ogre hits your guardian golem with a +0 giant spiked club!!
Your guardian golem overheats!
The ogre hits your guardian golem with a +0 giant spiked club!
Flame seeps out of your guardian golem.
Your guardian golem is engulfed in blazing flames.
Your guardian golem disappears in a puff of smoke!
Your guardian golem explodes!
The fiery explosion engulfs the ogre!!!
The ogre dies!
The fiery explosion engulfs you!!!
Ouch! That really hurt!
You die...

# # #
############
#...........
#.##########
###.#
#########.#.#
#..§○@....#.#
##.######.#.#
#.# #.....#
#.# ##.#.###
#.# #..#.#
#.# #.##.#
#.# #.##.#
#.# #.##.#
#.# #.##.#


There were no monsters in sight!

Vanquished Creatures
  A water moccasin zombie (D:3)
  Terence (D:2)
  2 dart slugs (D:3)
  An orc (D:3)
  A ball python (D:1)
  A bat (D:3)
  2 giant cockroaches
  A jackal (D:2)
  A kobold (D:1)
  A frilled lizard (D:2)
  2 rats
14 creatures vanquished.

Vanquished Creatures (collateral kills)
  A worm (D:2)
  A dart slug (D:2)
  2 ball pythons (D:1)
  3 endoplasms (D:1)
  A giant cockroach (D:1)
  8 goblins
  A jackal (D:2)
  3 kobolds
  2 quokkas
  A frilled lizard (D:2)
  4 rats
27 creatures vanquished.

Vanquished Creatures (others)
  An ogre (D:3)
  31 plants
32 creatures vanquished.

Grand Total: 73 creatures vanquished

Notes
Turn   | Place    | Note
-------+----------+-------------------------------------------
     0 | D:1      | Zeld the Tengu Summoner began the quest for the Orb.
     0 | D:1      | Reached XP level 1. HP: 10/10 MP: 4/4
   262 | D:1      | Reached skill level 5 in Summonings
   262 | D:1      | Reached XP level 2. HP: 15/15 MP: 6/6
   265 | D:1      | Learned a level 2 spell: Call Imp
  1466 | D:2      | Found a faded altar of an unknown god.
  1483 | D:2      | Reached XP level 3. HP: 10/20 MP: 5/7
  1487 | D:2      | Learned a level 3 spell: Call Canine Familiar
  1843 | D:2      | Found Foekaner's Armour Boutique.
  1896 | D:2      | Noticed Terence
  2643 | D:2      | Killed Terence
  2644 | D:2      | Reached skill level 1 in Fighting
  2644 | D:2      | Reached XP level 4. HP: 25/25 MP: 3/9
  3226 | D:3      | Gained mutation: Your magical nature lets you fly swiftly
                  | and evasively. [Tengu growth]
  3226 | D:3      | Reached XP level 5. HP: 29/29 MP: 6/10
  3230 | D:3      | Learned a level 3 spell: Summon Guardian Golem
  3651 | D:3      | Noticed an ogre
  3661 | D:3      | Killed an ogre
  3661 | D:3      | Killed by an exploding themself... ignited by their inner
                  | flame

Illustrated notes

Levels and vault maps discovered:
D:1:      roderic_crop_circles_arrival_large, layout_basic
D:2:      wad_lake_hut, layout_basic, serial_bayou, serial_bayou_lagoon_a,
          serial_bayou_lake_a, serial_bayou_pond_d, serial_bayou_shore_b,
          serial_shops, shop, dreamdust_ecumenical_altar_statues,
          grunt_ministairs_10, glass_columns_c, uniq_terence
D:3:      layout_basic

Skill      XL: |  1  2  3  4 |
---------------+-------------+-----
Summonings     | 5 |  5.6
Fighting       | 1 |  1.3
Spellcasting   | 3 |  3.1
Dodging        | |  2.9
Stealth        | |  2.7

Action                   |  1- 3 |  4- 6 || total
-------------------------+-------+-------++-------
Melee: Unarmed           |    37 |    28 ||    65
       Peck              |     5 |     6 ||    11
       Kick              |     6 |    10 ||    16
 Cast: Summon Small Mamm |    11 |       ||    11
       Call Imp          |    23 |       ||    23
       Call Canine Famil |     3 |     3 ||     6
       Summon Guardian G |       |     5 ||     5
 Stab: Sleeping          |       |     1 ||     1
Armor: Robe              |    12 |       ||    12
Dodge: Dodged            |    45 |    24 ||    69
